 Dungeon Crawl Stone Soup version 0.22.1-1-ga44c0e5 (webtiles) character file.

394 jerryfan the Fighter (level 6, 0/57 HPs)
             Began as a Gnoll Wanderer on Oct 4, 2018.
             Was a Follower of Fedhas.
             Succumbed to Edmund's poison
             ... on level 4 of the Dungeon.
             The game lasted 00:07:47 (3070 turns).

jerryfan the Fighter (Gnoll Wanderer)               Turns: 3070, Time: 00:07:47

Health: 0/57       AC:  9    Str: 23 (24) XL:     6   Next: 82%
Magic:  6/9        EV: 13    Int: 10 (12) God:    Fedhas [*.....]
Gold:   260        SH:  0    Dex: 14      Spells: 9/9 levels left

rFire    . . .     SeeInvis .   b - +1 short sword
rCold    . . .     Gourm    .   (no shield)
rNeg     . . .     Faith    .   a - +2 scale mail
rPois    .         Spirit   .   (no helmet)
rElec    .         Reflect  .   (no cloak)
rCorr    .         Harm     .   (no gloves)
MR       .....                  (no boots)
Stlth    +.........             (no amulet)
HPRegen  0.19/turn              (no ring)
MPRegen  0.11/turn              (no ring)

@: mighty, lethally poisoned (0 -> -21), glowing
A: distributed training, fangs 1, strong nose
a: Fungal Bloom, Sunlight, Renounce Religion


You were on level 4 of the Dungeon.
You worshipped Fedhas.
Fedhas was aware of your devotion.
You were hungry.

You visited 1 branch of the dungeon, and saw 4 of its levels.

You collected 260 gold pieces.

Inventory:

Hand Weapons
 b - a +1 short sword (weapon)
 d - a +0 dagger
Missiles
 l - 4 needles of confusion
Armour
 a - a +2 scale mail (worn)
Jewellery
 i - a cursed ring of teleportation {unknown}
 n - an uncursed amulet of faith {unknown}
Wands
 m - a wand of flame (26)
 o - a wand of digging (10)
Scrolls
 e - 2 scrolls of remove curse {unknown}
 j - 5 scrolls of identify {unknown}
 k - 4 scrolls of teleportation {unknown}
Potions
 g - a potion of haste
Comestibles
 f - 9 rations


   Skills:
 + Level 8.8 Fighting
 + Level 2.1 Short Blades
 + Level 2.1 Long Blades
 + Level 2.1 Axes
 + Level 2.1 Maces & Flails
 + Level 2.1 Polearms
 + Level 2.1 Staves
 + Level 2.1 Slings
 + Level 2.1 Bows
 + Level 2.1 Crossbows
 + Level 2.1 Throwing
 + Level 5.0 Armour
 + Level 5.0 Dodging
 + Level 4.6 Stealth
 + Level 2.1 Shields
 + Level 2.1 Unarmed Combat
 + Level 2.1 Spellcasting
 + Level 1.6 Conjurations
 + Level 1.6 Hexes
 + Level 1.6 Charms
 + Level 1.6 Summonings
 + Level 1.6 Necromancy
 + Level 1.6 Translocations
 + Level 1.6 Transmutations
 + Level 1.6 Fire Magic
 + Level 1.6 Ice Magic
 + Level 1.6 Air Magic
 + Level 1.6 Earth Magic
 + Level 1.6 Poison Magic
 + Level 2.3 Invocations
 + Level 2.1 Evocations


You had 9 spell levels left.
You didn't know any spells.
Your spell library contained the following spells:

 Spells                   Type           Power        Failure   Level  Hunger
 Summon Small Mammal      Summ           #...         36%         1    ##.....
 Call Imp                 Summ           #.......     50%         2    ###....
 Call Canine Familiar     Summ           #.......     73%         3    ####...
 Summon Guardian Golem    Hex/Summ       #.......     73%         3    ####...
 Summon Ice Beast         Ice/Summ       #.......     98%         4    #####..
 Summon Lightning Spire   Summ/Air       #.......     98%         4    #####..


Dungeon Overview and Level Annotations

Branches:
Dungeon (4/15)
 Temple: D:4-7

Altars:
Ashenzari
Fedhas
Vehumet
Wu Jian


Innate Abilities, Weirdness & Mutations

Your experience applies equally to all skills.
You have very sharp teeth.
Your uncanny sense of smell can sniff out nearby items.


Message History

Your Throwing skill increases to level 2!
Your Armour skill increases to level 5!
Your Dodging skill increases to level 5!
Your Shields skill increases to level 2!
Your Unarmed Combat skill increases to level 2!
Your Spellcasting skill increases to level 2!
Your Evocations skill increases to level 2!
* * * LOW HITPOINT WARNING * * *
You feel sick. A toadstool grows at your feet.
Fedhas appreciates your contribution to the ecosystem.
* * * LOW HITPOINT WARNING * * *
You feel sick.
Select sunlight destination.
Press: ? - help, Dir - move target cursor, f - you
Aim: a toadstool (peaceful) Really target yourself?
You are feeling hungry.
You die...
Fedhas appreciates your contribution to the ecosystem.

##.#.##..# .....#
#......#
......#..##
###..S..# ###.####
......#....
#....@..# #.#
.........#.##S#
##.#
##.#..#..#.##.#
#..#
..............####
#.##
##.####.##.......#
#.# #.# .##..####)#
#.# ##.< #..####@#
#.# .# #..>..#.#
#.# .#
##.##.#.##### #.#
.#
#.##.#.#...######.#
.###
#......#..........#
.....
###........########
.#### #...###### .#
##### #.#


There were no monsters in sight!

Vanquished Creatures
  Edmund (D:4)
  2 howler monkeys (D:4)
  Natasha (thrice) (D:3)
  A worker ant (D:4)
  3 adders
  2 oozes
  4 worms
  A dart slug (D:1)
  3 leopard geckos
  2 bats
  4 goblins
  7 hobgoblins
  9 jackals
  6 kobolds
  2 ball pythons
  7 frilled lizards
  4 rats
61 creatures vanquished.

Vanquished Creatures (others)
  16 toadstools
16 creatures vanquished.

Grand Total: 77 creatures vanquished

Notes
Turn   | Place    | Note
-------+----------+-------------------------------------------
     0 | D:1      | jerryfan the Gnoll Wanderer began the quest for the Orb.
     0 | D:1      | jerryfan set off with: a +2 scale mail, a +0 short sword, a
                  | potion of lignification, a +0 dagger, a ration
     0 | D:1      | Reached XP level 1. HP: 26/26 MP: 1/1
   112 | D:1      | Reached XP level 2. HP: 33/33 MP: 2/2
   489 | D:1      | Reached XP level 3. HP: 34/38 MP: 3/3
   898 | D:2      | Reached skill level 1 in Invocations
  1441 | D:2      | Reached skill level 1 in Short Blades
  1441 | D:2      | Reached skill level 1 in Long Blades
  1441 | D:2      | Reached skill level 1 in Axes
  1441 | D:2      | Reached skill level 1 in Maces & Flails
  1441 | D:2      | Reached skill level 1 in Polearms
  1441 | D:2      | Reached skill level 1 in Staves
  1441 | D:2      | Reached skill level 1 in Slings
  1441 | D:2      | Reached skill level 1 in Bows
  1441 | D:2      | Reached skill level 1 in Crossbows
  1441 | D:2      | Reached skill level 1 in Throwing
  1441 | D:2      | Reached skill level 1 in Shields
  1441 | D:2      | Reached skill level 1 in Unarmed Combat
  1441 | D:2      | Reached skill level 1 in Spellcasting
  1441 | D:2      | Reached skill level 1 in Evocations
  1519 | D:2      | Reached XP level 4. HP: 45/45 MP: 5/5
  1597 | D:2      | Found a faded altar of an unknown god.
  1613 | D:2      | Became a worshipper of Fedhas Madash
  1613 | D:2      | Reached * piety under Fedhas
  1762 | D:2      | Found a shattered altar of Ashenzari.
  1763 | D:2      | Found a radiant altar of Vehumet.
  2124 | D:3      | Noticed Natasha
  2135 | D:3      | Killed Natasha
  2135 | D:3      | Reached skill level 1 in Conjurations
  2135 | D:3      | Reached skill level 1 in Hexes
  2135 | D:3      | Reached skill level 1 in Charms
  2135 | D:3      | Reached skill level 1 in Summonings
  2135 | D:3      | Reached skill level 1 in Necromancy
  2135 | D:3      | Reached skill level 1 in Translocations
  2135 | D:3      | Reached skill level 1 in Transmutations
  2135 | D:3      | Reached skill level 1 in Fire Magic
  2135 | D:3      | Reached skill level 1 in Ice Magic
  2135 | D:3      | Reached skill level 1 in Air Magic
  2135 | D:3      | Reached skill level 1 in Earth Magic
  2135 | D:3      | Reached skill level 1 in Poison Magic
  2145 | D:3      | Noticed Natasha
  2163 | D:3      | Killed Natasha
  2163 | D:3      | Reached XP level 5. HP: 40/51 MP: 6/6
  2167 | D:3      | Noticed Natasha
  2179 | D:3      | Killed Natasha
  2665 | D:3      | Found an ornate altar of the Wu Jian Council.
  2864 | D:4      | Reached XP level 6. HP: 52/57 MP: 8/8
  2983 | D:4      | Noticed Edmund
  3068 | D:4      | Killed Edmund
  3068 | D:4      | Reached skill level 5 in Armour
  3068 | D:4      | Reached skill level 5 in Dodging
  3069 | D:4      | HP: 2/57 [poisoned by Edmund]
  3070 | D:4      | Succumbed to Edmund's poison

Skill      XL: |  1  2  3  4  5  6 |
---------------+-------------------+-----
Invocations    | 1 2 |  2.3
Short Blades   | 1 2 |  2.1
Long Blades    | 1 2 |  2.1
Axes           | 1 2 |  2.1
Maces & Flails | 1 2 |  2.1
Polearms       | 1 2 |  2.1
Staves         | 1 2 |  2.1
Slings         | 1 2 |  2.1
Bows           | 1 2 |  2.1
Crossbows      | 1 2 |  2.1
Throwing       | 1 2 |  2.1
Shields        | 1 2 |  2.1
Unarmed Combat | 1 2 |  2.1
Spellcasting   | 1 2 |  2.1
Evocations     | 1 2 |  2.1
Conjurations   | 1 |  1.6
Hexes          | 1 |  1.6
Charms         | 1 |  1.6
Summonings     | 1 |  1.6
Necromancy     | 1 |  1.6
Translocations | 1 |  1.6
Transmutations | 1 |  1.6
Fire Magic     | 1 |  1.6
Ice Magic      | 1 |  1.6
Air Magic      | 1 |  1.6
Earth Magic    | 1 |  1.6
Poison Magic   | 1 |  1.6
Armour         | 5 |  5.0
Dodging        | 5 |  5.0
Fighting       | |  8.8
Stealth        | |  4.6

Action                   |  1- 3 |  4- 6 || total
-------------------------+-------+-------++-------
Melee: Short sword       |   137 |   193 ||   330
       Bite              |    11 |    21 ||    32
       Punch             |     1 |     1 ||     2
Invok: Fungal Bloom      |       |     9 ||     9
       Sunlight          |       |     2 ||     2
  Use: Potion            |     1 |     8 ||     9
       Scroll            |       |     3 ||     3
 Stab: Sleeping          |     2 |     2 ||     4
  Eat: Chunk             |     2 |     5 ||     7
Armor: Scale mail        |    54 |    47 ||   101
       Skin              |       |    31 ||    31
Dodge: Dodged            |    84 |    64 ||   148
